 Dungeon Crawl Stone Soup version 0.27.0 (webtiles) character file.

Game seed: 13680675613250609070

18 crusatyr the Ruffian (level 2, -4/29 HPs)
             Began as a Troll Monk on July 31, 2021.
             Killed by an exploding quokka (33 damage)
             ... ignited by their inner flame
             ... on level 2 of the Dungeon.
             The game lasted 00:01:42 (598 turns).

crusatyr the Ruffian (Troll Monk)                    Turns: 598, Time: 00:01:43

Health: -4/29      AC:  4    Str: 18    XL:     2   Next: 48%
Magic:  1/1        EV: 10    Int:  6    God:
Gold:   53         SH:  0    Dex: 12    Spells: 1/1 levels left

rFire    . . .     SeeInvis .     - Unarmed
rCold    . . .     Faith    .   (no shield)
rNeg     . . .     Spirit   .   a - +0 robe
rPois    .         Reflect  .   (helmet restricted)
rElec    .         Harm     .   (no cloak)
rCorr    .         Rampage  .   (gloves unavailable)
Will     .....                  (boots unavailable)
Stlth    ++........             (no amulet)
HPRegen  1.09/turn              (no ring)
MPRegen  0.07/turn              (no ring)

@: no status effects
A: large, unfitting armour, claws 3, regeneration 1, shaggy fur 1, tough skin 1
a: no special abilities


You were on level 2 of the Dungeon.
You visited 1 branch of the dungeon, and saw 2 of its levels.

You collected 53 gold pieces.

Inventory:

Missiles
 c - 4 silver javelins (quivered)
 j - 16 stones
Armour
 a - a +0 robe (worn)
 h - a +0 tower shield
 l - a +0 kite shield
Jewellery
 d - a +4 ring of protection
 g - an amulet of faith
Potions
 e - a potion of haste
 i - a potion of lignification {unknown}


   Skills:
 + Level 2.7 Fighting
 + Level 2.6 Dodging
 - Level 1.0 Stealth
 + Level 0.0 Shields
 + Level 3.3 Unarmed Combat


You had one spell level left.
You didn't know any spells.
Your spell library was empty.

Dungeon Overview and Level Annotations

Branches:
Dungeon (2/15)

Altars:


Innate Abilities, Weirdness & Mutations

You are too large for most types of armour.
You have claws for hands.
Your natural rate of healing is unusually fast.
You are covered in fur. (AC +1)
You have tough skin. (AC +1)


Message History

You scratch the endoplasm but do no damage.
The endoplasm barely misses you.
You scratch the endoplasm.
The endoplasm is lightly wounded.
The endoplasm freezes you.
You are frozen.
You claw the endoplasm!
You kill the endoplasm!
No target in view!
No target in view!
You enter the shallow water.
Moving in this stuff is going to be slow.
You enter the shallow water.
Moving in this stuff is going to be slow.
Done exploring.
Done exploring.
Search for what [Enter for "."]? .
There is a stone staircase leading down here.
You climb downwards.
A quokka and a worm come into view.
There is a stone staircase leading up here.
Blink to where?
Press: ? - help, Dir - move target, f - you Are you sure you want to cancel this blink?
Okay, then.
As you read the scroll labelled TUSENE IN FIAQ, it crumbles to dust.
It was a scroll of blinking.
As you read the scroll labelled UKAVIV XOREXO, it crumbles to dust.
It is a scroll of identify.
e - a potion of haste
As you read the scroll labelled DEABIPTI WUGIB, it crumbles to dust.
The creatures around you are filled with an inner flame!
It was a scroll of immolation.
You scratch the quokka.
Flame seeps out of the quokka.
The quokka is heavily wounded.
The quokka is engulfed in blazing flames.
The quokka explodes!
The fiery explosion engulfs you!!
Ouch! That really hurt!
You die...

+# .# .# #.## ##
...#... .######
.....#
.w.....##§..#.##
#.<@○§.....
########.##


You could see a worm (inner flame).

Vanquished Creatures
  A ball python (D:1)
  3 endoplasms (D:1)
  A giant cockroach (D:1)
  A hobgoblin (D:1)
  2 kobolds (D:1)
  3 quokkas
  3 frilled lizards (D:1)
  3 rats (D:1)
17 creatures vanquished.

Notes
Turn   | Place    | Note
-------+----------+-------------------------------------------
     0 | D:1      | crusatyr the Troll Monk began the quest for the Orb.
     0 | D:1      | Reached XP level 1. HP: 22/22 MP: 0/0
   179 | D:1      | Reached XP level 2. HP: 27/29 MP: 1/1
   598 | D:2      | Killed by an exploding quokka... ignited by their inner
                  | flame

Illustrated notes

Levels and vault maps discovered:
D:1:      minmay_arrival_wavy_path, layout_rooms, serial_forest,
          infiniplex_forest_clump_curved, infiniplex_forest_straight_4,
          infiniplex_forest_pool, infiniplex_forest_lined_2,
          infiniplex_forest_straight_3, infiniplex_forest_lined_corner,
          infiniplex_forest_pool
D:2:      minmay_roachtagon, layout_loops_corners, minmay_goblin_outpost

Action                   || total
-------------------------++-------
Melee: Unarmed           ||    35
  Use: Scroll            ||     3
Armor: Robe              ||    12
Dodge: Dodged            ||    14
